 Dungeon Crawl Stone Soup version 0.20.1-1-g8b1a95d (webtiles) character file.

11415 dmj the Cleaver (level 12, -2/92 HPs)
             Began as a Human Fighter on July 31, 2017.
             Was an Initiate of Gozag.
             Slain by a 14-headed hydra (8 damage)
             ... on level 11 of the Dungeon.
             The game lasted 00:49:56 (9317 turns).

dmj the Cleaver (Human Fighter)                     Turns: 9317, Time: 00:50:03

Health: -2/92      AC: 23    Str: 21    XL:     12   Next: 7%
Magic:  12/12      EV: 10    Int:  9    God:    Gozag
Gold:   620        SH: 17    Dex: 18    Spells: 11/11 levels left

rFire    . . .     SeeInvis .   r - +8 war axe
rCold    . . .     Gourm    .   P - +0 large shield
rNeg     + . .     Faith    .   z - +4 plate armour
rPois    .         Spirit   .   s - +1 helmet
rElec    .         Reflect  .   (no cloak)
rCorr    .         Harm     .   N - +2 pair of gloves {archery}
MR       .....                  (no boots)
Stlth    ..........             k - amulet of regeneration
Regen    0.7/turn               A - ring of positive energy
MPRegen  0.2/turn               (no ring)

@: agile, about to teleport, studying Shields
A: no striking features
a: Potion Petition, Call Merchant, Bribe Branch, Renounce Religion


You were on level 11 of the Dungeon.
You worshipped Gozag.
Gozag was pleased with you.
You were not hungry.

You visited 2 branches of the dungeon, and saw 12 of its levels.

You collected 1589 gold pieces.
You spent 262 gold pieces at shops.
You paid 707 gold pieces to Gozag.

Inventory:

Hand Weapons
 m - a +3 spear
 r - a +8 war axe (weapon)
 F - a +1 hand axe of flaming
 G - a +4 mace
 J - a +3 mace
 L - a +0 spear of piercing
 Q - a +1 war axe of flaming
Missiles
 p - 2 throwing nets (quivered)
Armour
 s - a +1 helmet (worn)
 z - a +4 plate armour (worn)
 N - a +2 pair of gloves of archery (worn)
 P - a +0 large shield (worn)
 R - a +1 pair of gloves
Jewellery
 k - an amulet of regeneration (around neck)
 A - a ring of positive energy (left hand)
Wands
 b - a wand of paralysis (7/24)
 c - a wand of polymorph (7/24)
 j - a wand of flame (17/48)
 t - a wand of iceblast (14/15)
 y - a wand of polymorph (15/24)
 D - a wand of clouds (1/9)
 E - a wand of flame (32/48)
Scrolls
 f - 2 scrolls of identify
 h - 11 scrolls of remove curse
 n - 7 scrolls of teleportation
 B - 2 scrolls of fog
 K - a scroll of acquirement
Potions
 e - 4 potions of brilliance
 v - a potion of lignification
 w - 4 potions of curing
 C - a potion of degeneration
 H - a potion of invisibility
 I - 2 potions of resistance
 M - a potion of agility
 O - a potion of heal wounds
Books
 a - a book of Maledictions

   Spells                             Type                      Level
   a - Corona                         Hexes                        1
   b - Ensorcelled Hibernation        Hexes/Ice                    2
   c - Confuse                        Hexes                        3
   d - Tukima's Dance                 Hexes                        3
   e - Dazzling Spray                 Conjuration/Hexes            3
 d - a manual of Shields
Comestibles
 o - 5 meat rations
 q - 4 fruits
 u - 6 bread rations
 x - 4 royal jellies


   Skills:
 + Level 8.0 Fighting
 + Level 12.2 Axes
 + Level 1.0(8.0) Polearms
 + Level 0.6 Throwing
 + Level 7.9 Armour
 + Level 3.2 Dodging
 + Level 2.5 Stealth
 + Level 9.0 Shields


You had 11 spell levels left.
You didn't know any spells.

Dungeon Overview and Level Annotations

Branches:
Dungeon (11/15)            Temple (1/1) D:7            Lair (0/6) D:11
    Orc: D:9-12

Altars:
Ashenzari
Dithmenos
Elyvilon
Fedhas
Gozag
Hepliaklqana
Kikubaaqudgha
Makhleb
Nemelex Xobeh
Okawaru
Ru
Sif Muna
Uskayaw
Yredelemnul
Zin
The Shining One

Shops:
D:9 [   D:10 [}[


Message History

As you read the scroll of teleportation, it crumbles to dust.
You feel strangely unstable. You block the 14-headed hydra's attack.
The 14-headed hydra bites you but does no damage.
The 14-headed hydra barely misses you.
The 14-headed hydra bites you but does no damage.
The 14-headed hydra bites you.
* * * LOW HITPOINT WARNING * * *
The 14-headed hydra bites you.
* * * LOW HITPOINT WARNING * * *
The 14-headed hydra bites you!
* * * LOW HITPOINT WARNING * * *
You block the 14-headed hydra's attack. x2
The 14-headed hydra bites you but does no damage.
The 14-headed hydra bites you.
* * * LOW HITPOINT WARNING * * *
The 14-headed hydra bites you.
* * * LOW HITPOINT WARNING * * *
The 14-headed hydra barely misses you. The 14-headed hydra bites you!
You die...
Your body crumbles into a pile of gold.

#>.... #.... #....
#... #..# $ #..#
######### #..#
#........ #D.# ...
....... #@.# ....
...... #..#
...#####..# ###..##
#....##..## #.....#
#....#..... #.....#
#....#.....
#.....#..#....#.....
#.)...#..#....'.....
#))...#..#....#.....
#(##.##.##....#...##


You could see a 14-headed hydra.

Vanquished Creatures
  A two-headed ogre (D:8)
  A death yak (D:10)
  An unseen horror (D:10)
  The ghost of froobite the Ruffian, a novice TrBe of Trog (D:5)
  Pikel (D:6)
  A manticore (D:10)
  4 polar bears (D:10)
  A merfolk (D:9)
  Grinder (D:3)
  4 hippogriffs
  3 dream sheep (D:10)
  A vampire (D:11)
  Grum (D:9)
  4 yaks
  A hog (D:10)
  A steam dragon (D:8)
  2 hungry ghosts
  2 ice beasts
  A sky beast (D:6)
  5 black bears
  3 orc warriors
  2 phantoms
  A necrophage (D:6)
  6 ogres
  A centaur (D:6)
  2 wolves (D:9)
  2 bullfrogs
  A wyvern zombie (D:7)
  3 scorpions
  3 wights (D:8)
  5 killer bees (D:7)
  2 centaur zombies
  2 howler monkeys (D:7)
  3 crimson imps
  2 bullfrog zombies
  4 orc priests
  A hound (D:5)
  A centaur skeleton (D:4)
  2 jellies
  11 orc wizards
  Jessica (D:3)
  2 iguanas
  10 worker ants
  A hound zombie (D:6)
  2 hound skeletons
  2 worker ant zombies
  8 gnolls
  9 adders
  2 howler monkey skeletons
  An adder zombie (D:8)
  An ooze (D:2)
  2 adder skeletons
  A worm (D:5)
  5 leopard geckos
  41 orcs
  5 giant cockroaches
  9 goblins
  4 hobgoblins
  12 jackals
  4 quokkas
  3 ball pythons
  13 bats
  2 frilled lizards (D:2)
  3 kobolds
  3 quokka zombies
  14 rats
254 creatures vanquished.

Vanquished Creatures (others)
  A human (D:5)
  A leopard gecko (D:6)
2 creatures vanquished.

Grand Total: 256 creatures vanquished

Notes
Turn   | Place    | Note
-------+----------+-------------------------------------------
     0 | D:1      | dmj the Human Fighter began the quest for the Orb.
     0 | D:1      | Reached XP level 1. HP: 18/18 MP: 1/1
    99 | D:1      | Reached XP level 2. HP: 24/24 MP: 2/2
   412 | D:1      | Reached XP level 3. HP: 9/29 MP: 3/3
   808 | D:2      | Reached XP level 4. HP: 25/35 MP: 4/4
  1582 | D:3      | Reached XP level 5. HP: 40/42 MP: 5/5
  1702 | D:3      | Reached skill level 3 in Axes
  1755 | D:3      | Noticed Jessica
  1761 | D:3      | Killed Jessica
  1761 | D:3      | Reached skill level 1 in Polearms
  1797 | D:3      | Reached skill level 1 in Dodging
  1797 | D:3      | Reached XP level 6. HP: 47/48 MP: 6/6
  2111 | D:3      | Noticed Grinder
  2121 | D:3      | Killed Grinder
  2121 | D:3      | Reached skill level 4 in Axes
  2121 | D:3      | Reached XP level 7. HP: 54/54 MP: 7/7
  2335 | D:4      | Reached skill level 5 in Axes
  2779 | D:4      | Reached skill level 6 in Axes
  2779 | D:4      | Reached XP level 8. HP: 60/60 MP: 8/8
  3226 | D:5      | Entered Level 5 of the Dungeon
  3417 | D:5      | Found an ancient bone altar of Kikubaaqudgha.
  3423 | D:5      | Noticed a human
  3424 | D:5      | Killed a human
  3500 | D:5      | Reached skill level 7 in Axes
  3521 | D:5      | Noticed froobite's ghost (novice TrBe)
  3543 | D:5      | Killed froobite's ghost
  3543 | D:5      | Reached skill level 5 in Fighting
  3543 | D:5      | Reached skill level 8 in Axes
  3543 | D:5      | Reached skill level 5 in Shields
  3543 | D:5      | Reached XP level 9. HP: 54/68 MP: 9/9
  4454 | D:6      | Reached skill level 5 in Armour
  4832 | D:6      | Noticed Pikel
  4849 | D:6      | Killed Pikel
  4849 | D:6      | Reached skill level 9 in Axes
  4849 | D:6      | Reached skill level 1 in Stealth
  4870 | D:6      | Found a deep blue altar of Sif Muna.
  5290 | D:7      | Reached XP level 10. HP: 75/76 MP: 10/10
  5507 | D:7      | Found a staircase to the Ecumenical Temple.
  5523 | Temple   | Entered the Ecumenical Temple
  5541 | Temple   | Became a worshipper of Gozag Ym Sagoz the Greedy
  6443 | D:8      | Reached skill level 10 in Axes
  6449 | D:8      | Noticed a two-headed ogre
  6467 | D:8      | Killed a two-headed ogre
  7212 | D:9      | Noticed Grum
  7246 | D:9      | Killed Grum
  7246 | D:9      | Reached XP level 11. HP: 54/83 MP: 11/11
  7494 | D:9      | Bought a pair of runed gloves for 262 gold pieces
  7690 | D:9      | Reached skill level 11 in Axes
  7799 | D:10     | Entered Level 10 of the Dungeon
  7872 | D:10     | Found a huge runed gate.
  7873 | D:10     | Found a huge runed gate.
  7874 | D:10     | Found a huge runed gate.
  7875 | D:10     | Found a huge runed gate.
  7875 | D:10     | Noticed a death yak
  7878 | D:10     | Noticed a manticore
  7979 | D:10     | Killed an unseen horror
  8262 | D:10     | Found Rellohote's Armour Shop.
  8289 | D:10     | Identified 2 scrolls of acquirement
  8368 | D:10     | Found Viliseat's Gadget Boutique.
  8449 | D:10     | Found Jibinex's Armour Shoppe.
  8839 | D:10     | Killed a death yak
  9076 | D:10     | Killed a manticore
  9076 | D:10     | Reached skill level 12 in Axes
  9137 | D:10     | Reached XP level 12. HP: 90/92 MP: 12/12
  9300 | D:11     | Noticed a four-headed hydra
  9303 | D:11     | Found a staircase to the Lair.
  9317 | D:11     | Slain by a 14-headed hydra

Skill      XL: |  1  2  3  4  5  6  7  8  9 10 11 12 |
---------------+-------------------------------------+-----
Axes           | 3 4 6 8 9 10 12 | 12.2
Polearms       | 1 |  1.0
Dodging        | 1 2 3 |  3.2
Fighting       | 4 5 6 8 |  8.0
Armour         | 4 5 6 7 |  7.9
Shields        | 4 5 6 7 8 9 |  9.0
Stealth        | 1 2 |  2.5
Throwing       | |  0.6

Action                   |  1- 3 |  4- 6 |  7- 9 | 10-12 || total
-------------------------+-------+-------+-------+-------++-------
Melee: War axe           |    31 |    63 |   276 |   391 ||   761
       Spear             |    41 |    63 |       |       ||   104
Throw: Throwing net      |       |       |     1 |     1 ||     2
Invok: Call Merchant     |       |       |       |     1 ||     1
  Use: Scroll            |     5 |     1 |    12 |    10 ||    28
       Potion            |     5 |       |     8 |     6 ||    19
 Stab: Distracted        |       |       |       |     2 ||     2
       Held in net/web   |       |       |       |     1 ||     1
  Eat: Bread ration      |       |     1 |       |       ||     1
       Fruit             |       |       |     2 |     1 ||     3
       Meat ration       |       |       |     2 |     3 ||     5
       Chunk             |       |       |     2 |       ||     2
Armor: Scale mail        |    38 |    52 |       |       ||    90
       Chain mail        |       |    25 |    71 |       ||    96
       Ring mail         |       |       |    47 |    44 ||    91
       Plate armour      |       |       |       |   263 ||   263
Dodge: Dodged            |    24 |    54 |    46 |   105 ||   229
Block: Shield            |    38 |    93 |   127 |   125 ||   383
       Large shield      |       |       |       |   176 ||   176
